AoeStats
← Blazing Cartesia, The Virtuous

Arabia

509033970Analyzed
1v1 RM · 7d ago on Sep 25, 2026· 34m 5s· 2 players
Game mode
Random Map
Map size
Tiny (2 player)
Population
200
Speed
Normal
Resources
Standard
Victory
Conquest
Starting age
Dark Age
Ending age
Imperial Age
RankedLock teamsTeams togetherTeam positionsShared explorationLock speedFull tech treeHidden civsTurbo modeCheats
Victory
Defeat
1227
+14
🇹🇼 Burgundians · Taiwan
1185
-14
play2009123
4:38 Double-Bit Axe
7:24 Loom
10:10 Feudal Age
11:09 Bow Saw
10:42 Horse Collar
18:53 Fletching
19:44 Scale Barding Armor
23:49 Castle Age
22:37 Forging
23:44 Padded Archer Armor
25:04 Elite Skirmisher
25:45 Bodkin Arrow
26:05 Cavalier
28:39 Wheelbarrow
28:15 Husbandry
30:48 Hand Cart
31:46 Hand Cart
32:35 Iron Casting
Blazing Cartesia, The Virtuous
6:31 Loom
9:09 Feudal Age
9:29 Double-Bit Axe
9:51 Horse Collar
19:59 Wheelbarrow
19:45 Fletching
23:24 Castle Age
21:44 Scale Mail Armor
22:41 Forging
22:39 Gold Mining
23:55 Heavy Plow
24:09 Bow Saw
24:02 Crossbowman
24:54 Bodkin Arrow
25:30 Pikeman
28:24 Bloodlines
28:45 Husbandry
30:21 Scale Barding Armor
32:24 Iron Casting
34:34 Hand Cart
Connection lost

Rejoining the realm…

Still unreachable

The connection could not be restored.

Session expired

The server has moved on; the page needs a fresh start.